 Dungeon Crawl Stone Soup version 0.24-a0-378-g94936e539c (webtiles) character file.

Game seed: 15680111475470212893

857 graymark the Ducker (level 7, 0/51 HPs)
             Began as a Demonspawn Gladiator on June 2, 2019.
             Was a Believer of Makhleb.
             Slain by an ooze (5 damage)
             ... in a sewer.
             The game lasted 00:15:52 (5156 turns).

graymark the Ducker (Demonspawn Gladiator)          Turns: 5156, Time: 00:15:54

Health: 0/51       AC:  5    Str: 20    XL:     7   Next: 70%
Magic:  7/7        EV: 14    Int: 10    God:    Makhleb [**....]
Gold:   209        SH:  0    Dex: 15    Spells: 6/6 levels left

rFire    . . .     SeeInvis .   a - +0 war axe
rCold    . . .     Gourm    .   (no shield)
rNeg     . . .     Faith    .   b - +0 leather armour
rPois    .         Spirit   .   c - +0 helmet
rElec    +         Reflect  .   (no cloak)
rCorr    .         Harm     .   (gloves unavailable)
MR       .....                  (no boots)
Stlth    +.........             (no amulet)
HPRegen  0.17/turn              q - ring of flight
MPRegen  0.10/turn              (no ring)

@: mighty, lethally poisoned (0 -> -9)
A: claws 3, rugged brown scales 1, frail 1, electricity resistance
a: Minor Destruction, Renounce Religion, Evoke Flight


You were in a sewer.
You worshipped Makhleb.
Makhleb was pleased with you.
You were not hungry.

You visited 2 branches of the dungeon, and saw 6 of its levels.
You also visited: Sewer.

You collected 209 gold pieces.

Inventory:

Hand Weapons
 a - a +0 war axe (weapon)
 e - a +2 hunting sling of flaming
Missiles
 d - 5 throwing nets (quivered)
 o - 98 stones
Armour
 b - a +0 leather armour (worn)
 c - a +0 helmet (worn)
 u - a cursed +0 pair of gloves
Jewellery
 q - a ring of flight (left claw)
Scrolls
 g - a scroll of remove curse {unknown}
 k - 3 scrolls of teleportation {unknown}
 m - 2 scrolls of amnesia {unknown}
 p - a scroll of immolation {unknown}
 s - a scroll of fear {unknown}
 x - a scroll of enchant armour {unknown}
 y - a scroll of identify
Potions
 h - a potion of agility
 i - a potion of might
 j - a potion of degeneration {unknown}
 l - a potion of ambrosia {unknown}
 n - 3 potions of mutation
 r - a potion of resistance {unknown}
 w - a potion of flight {unknown}
Comestibles
 f - 3 rations


   Skills:
 + Level 4.6 Fighting
 + Level 4.8 Axes
 - Level 1.9 Throwing
 + Level 3.6 Armour
 + Level 4.8 Dodging


You had 6 spell levels left.
You didn't know any spells.
Your spell library was empty.

Dungeon Overview and Level Annotations

Branches:
Dungeon (5/15)             Temple (1/1) D:4

Altars:
Ashenzari
Cheibriados
Dithmenos
Elyvilon
Fedhas
Gozag
Hepliaklqana
Kikubaaqudgha
Makhleb
Nemelex Xobeh
Okawaru
Qazlal
Ru
Sif Muna
Trog
Uskayaw
Vehumet
Wu Jian
Xom
Yredelemnul
Zin
The Shining One

Annotations:
D:4 Pikel, Sigmund


Innate Abilities, Weirdness & Mutations

You have claws for hands.
You are partially covered in rugged brown scales. (AC +1, +3% HP)
You are frail. (-10% HP)
You are resistant to electric shocks. (rElec)


Message History

The adder misses you.
It was a potion of might.
You feel very mighty all of a sudden.
You feel sick. The leopard gecko closely misses you.
The ooze hits you but does no damage. The adder bites you but does no damage.
The leopard gecko bites you.
* * * LOW HITPOINT WARNING * * *
You closely miss the adder.
The adder is lightly wounded.
You closely miss the leopard gecko. You hit the ooze. The adder bites you.
* * * LOW HITPOINT WARNING * * *
You are more poisoned.
The adder poisons you!
The ooze jiggles.
The ooze hits you but does no damage. The leopard gecko barely misses you.
The adder bites you.
* * * LOW HITPOINT WARNING * * *
You are lethally poisoned!
The adder poisons you! The ooze hits you.
You die...

#.≈##≈≈# #.≈###≈#≈≈#
#.≈#.≈##≈≈≈≈≈≈≈##≈.≈#≈#≈≈#
#≈≈#..#≈≈≈≈≈≈≈≈≈#≈≈∩#≈#≈≈#
#≈≈#.≈#≈≈..≈.≈≈≈#≈≈≈#≈#≈≈#
#≈≈#≈≈#≈≈≈?.≈≈≈≈#≈≈##≈#≈÷#
#≈≈#≈≈#≈≈.%[.≈.≈#≈≈#≈≈#≈≈#
#≈≈#≈≈#≈≈.?..≈≈≈#..#..#≈≈#
#≈.#≈≈##≈≈.$≈JS##..#≈≈≈≈≈#
#.≈##≈≈#≈...≈l@≈≈≈.#≈≈≈≈≈#
#.≈.#≈≈##≈.≈≈†≈≈≈###.≈≈≈≈#
##≈≈#..≈##≈≈≈≈≈###.#######
#≈≈##.≈≈#######≈.≈≈.#
#.†≈#≈≈≈≈≈≈..†≈≈≈≈≈≈#
##.≈##≈≈≈.≈≈.≈≈##≈≈##
#..≈##≈≈≈≈≈≈≈##..##
#≈≈≈.###≈≈≈###.≈≈#
##≈≈≈≈≈#####≈÷≈≈≈#


You could see an ooze, an adder and a leopard gecko.

Vanquished Creatures
  Duvessa (D:5)
  A slave (D:4)
  An ice beast (D:5)
  A phantom (D:4)
  3 bullfrogs
  Dowan (D:5)
  2 hounds
  An orc priest (D:3)
  A worker ant (D:4)
  5 adders
  8 oozes
  An adder skeleton (D:4)
  5 worms
  16 leopard geckos
  4 orcs
  14 ball pythons
  10 giant cockroaches
  9 hobgoblins
  8 jackals
  5 bats
  13 frilled lizards
  6 goblins
  3 kobolds
  A quokka skeleton (D:4)
  7 rats
127 creatures vanquished.

Notes
Turn   | Place    | Note
-------+----------+-------------------------------------------
     0 | D:1      | graymark the Demonspawn Gladiator began the quest for the
                  | Orb.
     0 | D:1      | Reached XP level 1. HP: 16/16 MP: 1/1
   261 | D:1      | Gained mutation: You have sharp fingernails. [demonic
                  | ancestry]
   261 | D:1      | Reached XP level 2. HP: 22/22 MP: 2/2
   397 | D:1      | You fall into a shaft and drop 1 floor!
   706 | D:2      | Gained mutation: You are partially covered in rugged brown
                  | scales. (AC +1, +3% HP) [demonic ancestry]
   706 | D:2      | Reached XP level 3. HP: 22/27 MP: 3/3
  1307 | D:2      | Noticed a bullfrog
  1312 | D:2      | Killed a bullfrog
  1312 | D:2      | Reached skill level 1 in Armour
  1312 | D:2      | Reached XP level 4. HP: 27/35 MP: 4/4
  1313 | D:2      | You fall into a shaft and drop 1 floor!
  1710 | D:3      | Gained mutation: You have very sharp fingernails. [demonic
                  | ancestry]
  1710 | D:3      | Reached XP level 5. HP: 37/41 MP: 5/5
  2782 | D:4      | Found a staircase to the Ecumenical Temple.
  2791 | Temple   | Entered the Ecumenical Temple
  2985 | Temple   | Became a worshipper of Makhleb the Destroyer
  3058 | D:4      | Noticed Sigmund
  3106 | D:4      | Noticed a phantom
  3416 | D:4      | Killed a phantom
  3416 | D:4      | Reached XP level 6. HP: 35/48 MP: 6/6
  3510 | D:4      | Noticed a slave
  3560 | D:4      | Killed a slave
  3718 | D:4      | Noticed Pikel
  3988 | D:4      | You fall into a shaft and drop 1 floor!
  3988 | D:5      | Entered Level 5 of the Dungeon
  3997 | D:5      | Found a stormy altar of Qazlal.
  4040 | D:5      | Noticed an ice beast
  4090 | D:5      | Killed an ice beast
  4230 | D:5      | Noticed Duvessa
  4231 | D:5      | Noticed Dowan
  4273 | D:5      | Killed Duvessa
  4273 | D:5      | Gained mutation: You have claws for hands. [demonic
                  | ancestry]
  4273 | D:5      | Reached XP level 7. HP: 45/55 MP: 7/7
  4284 | D:5      | Killed Dowan
  4356 | D:5      | Found a glowing drain.
  4379 | Sewer    | Entered a sewer
  4384 | Sewer    | Reached * piety under Makhleb
  4935 | Sewer    | Reached ** piety under Makhleb
  5154 | Sewer    | Gained mutation: You are frail. (-10% HP) [potion of
                  | mutation]
  5154 | Sewer    | Gained mutation: You are resistant to electric shocks.
                  | (rElec) [potion of mutation]
  5156 | Sewer    | Slain by an ooze

Levels and vault maps discovered:
D:1:      saegor_arrival_simple_e, layout_rooms, nrook_mini_vaults
D:2:      minmay_spotlight, layout_basic, first_ration,
          minmay_misc_feat_diagonals
D:3:      layout_basic
D:4:      layout_gridville, minmay_temple_entry_glassed_door,
          biasface_ghost_orc_armoury, uniq_ijyb, uniq_pikel, uniq_sigmund
D:5:      layout_basic, grunt_qazlal_clouds, gup_sewer_entry_bubbles,
          serial_shops, nicolae_shop_trees, shop, minmay_misc_feat_nine_boxes,
          uniq_duvessa
Temple:   kilobyte_greek_temple
Sewer:    sewer_frog_island_02

Skill      XL: |  1  2  3  4  5  6 |
---------------+-------------------+-----
Dodging        | 3 4 |  4.8
Axes           | 3 4 |  4.8
Armour         | 1 2 3 |  3.6
Fighting       | 3 4 |  4.6
Throwing       | |  1.9

Action                   |  1- 3 |  4- 6 |  7- 9 || total
-------------------------+-------+-------+-------++-------
Melee: War axe           |    78 |   199 |   206 ||   483
Invok: Minor Destruction |       |       |     2 ||     2
  Use: Scroll            |       |     2 |       ||     2
       Potion            |       |     4 |     4 ||     8
  Eat: Chunk             |     1 |     6 |     4 ||    11
       Ration            |       |     1 |       ||     1
Armor: Leather armour    |    21 |    53 |    99 ||   173
Dodge: Dodged            |    59 |   153 |   283 ||   495

Table legend:
 A = Non-vault XP
 B = Vault XP
 C = Vault XP percentage of total XP
 D = Non-vault monster count
 E = Vault monster count
 F = Vault count percentage of total count
                 A         B        C        D         E       F
            +---------+---------+-------+---------+---------+-------
      Total |     656 |     569 |  46.4 |      67 |      59 |  46.8
            +---------+---------+-------+---------+---------+-------
        D:1 |      27 |       0 |   0.0 |      17 |       0 |   0.0
        D:2 |     109 |       6 |   5.2 |      11 |       4 |  26.7
        D:3 |     128 |       0 |   0.0 |      15 |       0 |   0.0
        D:4 |     209 |       0 |   0.0 |      18 |       0 |   0.0
        D:5 |     183 |     233 |  56.0 |       6 |       9 |  60.0
      Sewer |       0 |     330 | 100.0 |       0 |      46 | 100.0
            +---------+---------+-------+---------+---------+-------
